 Dungeon Crawl Stone Soup version 0.20.1-1-g8b1a95d66d (webtiles) character file.

1441 koes007 the Spear-Bearer (level 8, -3/67 HPs)
             Began as a Minotaur Gladiator on Nov 19, 2017.
             Slain by a two-headed ogre
             ... wielding a cursed -1 giant club
              (12 damage)
             ... on level 5 of the Dungeon.
             The game lasted 00:41:01 (6445 turns).

koes007 the Spear-Bearer (Minotaur Gladiator)       Turns: 6445, Time: 00:41:01

Health: -3/67      AC: 12    Str: 21    XL:     8   Next: 46%
Magic:  7/7        EV:  8    Int:  5    God:
Gold:   84         SH:  0    Dex: 15    Spells: 7/7 levels left

rFire    . . .     SeeInvis .   a - +0 trident
rCold    . . .     Gourm    .   (no shield)
rNeg     . . .     Faith    .   L - +0 plate armour
rPois    .         Spirit   .   c - +0 hat
rElec    +         Reflect  .   (no cloak)
rCorr    .         Harm     .   (no gloves)
MR       .....                  (no boots)
Stlth    ..........             (no amulet)
Regen    0.3/turn               y - +3 ring of dexterity
MPRegen  0.1/turn               (no ring)

@: no status effects
A: retaliatory headbutt, horns 2, talons 2, electricity resistance
a: no special abilities


You were on level 5 of the Dungeon.
You were not hungry.

You visited 1 branch of the dungeon, and saw 5 of its levels.

You collected 252 gold pieces.
You spent 168 gold pieces at shops.

Inventory:

Hand Weapons
 a - a +0 trident (weapon)
 e - a +0 club
 f - a +0 hunting sling
 g - a +0 dagger
 h - a +0 short sword
 l - a +0 club
 o - a +0 club
 q - a +0 short sword
 t - a +0 club
 u - a +0 club
 w - a +0 mace of holy wrath
 x - a +0 club
 F - a +0 club
 I - a +0 trident
 N - a +0 hunting sling
 P - a +0 trident
 R - a +0 spear
 S - a +0 flail
 T - a +0 shortbow
 W - a +0 hand axe
Missiles
 d - 3 throwing nets
 i - 112 stones (quivered)
 k - 11 sling bullets
 m - 117 arrows
 C - 20 poisoned needles
 E - 8 tomahawks
 K - 38 bolts
Armour
 b - a +0 leather armour
 c - a +0 hat (worn)
 n - a +0 plate armour
 B - a +0 leather armour
 J - a +0 ring mail
 L - a +0 plate armour (worn)
Jewellery
 y - a +3 ring of dexterity (left hand)
Scrolls
 p - a scroll of remove curse
 r - 4 scrolls of teleportation
 H - 3 scrolls of identify {unknown}
 M - a scroll of magic mapping {unknown}
 V - 2 scrolls of immolation
Potions
 v - 2 potions of brilliance
 z - 2 potions of might {unknown}
 A - 3 potions of heal wounds {unknown}
 D - a potion of haste {unknown}
 G - 2 potions of magic {unknown}
Comestibles
 j - a bread ration
 s - 3 fruits
 O - 3 meat rations
 Q - a royal jelly


   Skills:
 + Level 4.8 Fighting
 * Level 9.8 Polearms
 - Level 2.7 Throwing
 + Level 6.0 Armour
 + Level 4.2 Dodging
 - Level 0.8 Stealth


You had 7 spell levels left.
You didn't know any spells.

Dungeon Overview and Level Annotations

Branches:
Dungeon (5/15)             Temple (0/1) D:5

Altars:
Ashenzari
Dithmenos
Fedhas
Kikubaaqudgha
Ru
Xom
Zin

Shops:
D:4 **%%


Innate Abilities, Weirdness & Mutations

You reflexively headbutt those who attack you in melee.
You have a pair of horns on your head.
You have razor-sharp toenails.
You are resistant to electric shocks. (rElec)


Message History

m - 116 arrows (gained 2)
A two-headed ogre comes into view. It is wielding two giant clubs.
The two-headed ogre shouts in stereo!
The two-headed ogre moves out of view.
m - 117 arrows (gained 1)
The two-headed ogre hits you with a giant club.
The two-headed ogre hits you but does no damage.
You puncture the two-headed ogre!
The two-headed ogre is lightly wounded.
The two-headed ogre hits you with a giant club! x2
You completely miss the two-headed ogre.
You claw the two-headed ogre.
The two-headed ogre is lightly wounded.
The two-headed ogre hits you with a giant club.
The two-headed ogre hits you with a giant club!
* * * LOW HITPOINT WARNING * * *
The two-headed ogre hits you with a giant club!
* * * LOW HITPOINT WARNING * * *
The two-headed ogre hits you with a giant club!
You die...

...# ####....#.
####...............
#####....###.#.........
#.........#......p?....
#......[..#..#.........
#######......................
......#...........#..........
.......####.....@###.........
........#....♣.♣.O...($......
>.............>...##..#......
...........#.♣.♣..##..#.#.###
.........###.....##...#.# #
........## #...####.....#
.......## #.####....<.##
.......## #)# #.....#....#
........# ##.# #.....#....#


You could see a two-headed ogre and a neutral freed slave (wandering).

Vanquished Creatures
  Pikel (D:5)
  The ghost of 4FPSwarrior the Skirmisher, an amateur DsAK of Lugonu (D:3)
  Duvessa (D:4)
  A phantom (D:4)
  An ogre (D:4)
  A centaur (D:5)
  Dowan (D:4)
  A scorpion (D:3)
  3 jellies (D:2)
  A bullfrog skeleton (D:5)
  7 gnolls
  8 adders
  9 oozes (D:2)
  2 adder skeletons (D:4)
  3 worms
  2 dart slugs
  3 leopard geckos
  3 orcs
  7 bats
  4 giant cockroaches
  10 goblins
  9 hobgoblins
  6 jackals
  15 kobolds
  A quokka (D:2)
  2 ball pythons
  5 frilled lizards
  6 rats
  A fungus (D:2)
115 creatures vanquished.

Vanquished Creatures (others)
  A slave (D:5)
  4 fungi (D:2)
  10 toadstools (D:2)
15 creatures vanquished.

Grand Total: 130 creatures vanquished

Notes
Turn   | Place    | Note
-------+----------+-------------------------------------------
     0 | D:1      | koes007 the Minotaur Gladiator began the quest for the Orb.
     0 | D:1      | Reached XP level 1. HP: 18/18 MP: 0/0
    56 | D:1      | Reached XP level 2. HP: 24/25 MP: 1/1
   346 | D:1      | Reached skill level 4 in Polearms
  1137 | D:2      | Reached XP level 3. HP: 21/30 MP: 2/2
  1144 | D:2      | Found a shattered altar of Ashenzari.
  1144 | D:2      | Found a sacrificial altar of Ru.
  1472 | D:2      | Found a blossoming altar of Fedhas.
  1560 | D:2      | Found an ancient bone altar of Kikubaaqudgha.
  1642 | D:2      | Reached skill level 1 in Armour
  1668 | D:2      | Gained mutation: You have sharp toenails. [potion of mutation]
  1668 | D:2      | Gained mutation: You have razor-sharp toenails. [potion of mutation]
  1668 | D:2      | Gained mutation: You are resistant to electric shocks. (rElec) [potion of mutation]
  1879 | D:2      | Reached XP level 4. HP: 34/37 MP: 3/3
  2064 | D:2      | Reached skill level 5 in Polearms
  2064 | D:2      | Reached XP level 5. HP: 27/45 MP: 4/4
  3318 | D:2      | Reached XP level 6. HP: 45/51 MP: 5/5
  3402 | D:3      | Found a glowing silver altar of Zin.
  3473 | D:3      | Noticed 4FPSwarrior's ghost (amateur DsAK)
  3494 | D:3      | Killed 4FPSwarrior's ghost
  3494 | D:3      | Reached skill level 6 in Polearms
  3747 | D:3      | Reached skill level 7 in Polearms
  4718 | D:4      | Found Eckotwock's Food Boutique.
  4722 | D:4      | Bought a royal jelly for 28 gold pieces
  4722 | D:4      | Bought a bread ration for 70 gold pieces
  4722 | D:4      | Bought a bread ration for 70 gold pieces
  4733 | D:4      | Found Xaufedgh's Food Shoppe.
  4755 | D:4      | Reached XP level 7. HP: 33/58 MP: 6/6
  5018 | D:4      | Reached skill level 8 in Polearms
  5147 | D:4      | Found a shimmering altar of Xom.
  5280 | D:4      | Found Nos Ycy's Assorted Antiques.
  5298 | D:4      | Found Diywn's Assorted Antiques.
  5321 | D:4      | Noticed Dowan
  5322 | D:4      | Noticed Duvessa
  5348 | D:4      | Killed Duvessa
  5350 | D:4      | Killed Dowan
  5833 | D:5      | Entered Level 5 of the Dungeon
  5835 | D:5      | Found a staircase to the Ecumenical Temple.
  5962 | D:5      | Found a shadowy altar of Dithmenos.
  6037 | D:5      | Noticed Pikel
  6085 | D:5      | Killed Pikel
  6085 | D:5      | Reached skill level 9 in Polearms
  6085 | D:5      | Reached skill level 5 in Armour
  6085 | D:5      | Reached XP level 8. HP: 50/67 MP: 7/7
  6432 | D:5      | Noticed a two-headed ogre
  6445 | D:5      | Slain by a two-headed ogre

Skill      XL: |  1  2  3  4  5  6  7  8 |
---------------+-------------------------+-----
Polearms       | 4 5 7 9 |  9.8
Armour         | 1 2 3 5 6 |  6.0
Fighting       | 3 4 |  4.8
Dodging        | 4 |  4.2
Throwing       | |  2.7
Stealth        | |  0.8

Action                   |  1- 3 |  4- 6 |  7- 9 || total
-------------------------+-------+-------+-------++-------
Melee: Trident           |    95 |   115 |    79 ||   289
       Headbutt          |    19 |    24 |    26 ||    69
       Kick              |     5 |    41 |    24 ||    70
Throw: Stone             |       |    19 |       ||    19
  Use: Potion            |     4 |       |     1 ||     5
       Scroll            |     1 |     4 |     1 ||     6
  Eat: Bread ration      |     1 |       |     2 ||     3
       Meat ration       |       |     1 |       ||     1
       Chunk             |       |     2 |       ||     2
Armor: Leather armour    |    18 |       |       ||    18
       Plate armour      |     2 |    73 |    49 ||   124
Dodge: Dodged            |    63 |    54 |    43 ||   160
